 Dungeon Crawl Stone Soup version 0.20.1-1-g8b1a95d (webtiles) character file.

28 letownia2 the Grave Robber (level 3, -10/28 HPs)
             Began as a Deep Dwarf Necromancer on Nov 5, 2017.
             Was an Initiate of Gozag.
             Blown up by Ijyb (12 damage)
             ... with a wand of disintegration (?/24)
             ... on level 3 of the Dungeon.
             The game lasted 00:02:37 (802 turns).

letownia2 the Grave Robber (Deep Dwarf Necromancer)  Turns: 802, Time: 00:02:39

Health: -10/28     AC:  2    Str: 11    XL:     3   Next: 0%
Magic:  1/6        EV: 12    Int: 16    God:    Gozag
Gold:   78         SH:  0    Dex: 13    Spells: 5/6 levels left

rFire    . . .     SeeInvis .   a - +0 short sword
rCold    . . .     Gourm    .   (no shield)
rNeg     . . .     Faith    .   d - +0 robe
rPois    .         Spirit   .   (no helmet)
rElec    .         Reflect  .   (no cloak)
rCorr    .         Harm     .   (no gloves)
MR       .....                  (no boots)
Stlth    ++........             (no amulet)
Regen    0.0/turn               (no ring)
MPRegen  0.1/turn               (no ring)

@: non-regenerating
A: damage resistance, heal wounds, sense surroundings 1, no regeneration
a: Heal Wounds, Potion Petition, Call Merchant, Bribe Branch, Renounce Religion


You were on level 3 of the Dungeon.
You worshipped Gozag.
Gozag was noncommittal.
You were not hungry.

You visited 2 branches of the dungeon, and saw 5 of its levels.

You collected 111 gold pieces.
You paid 33 gold pieces to Gozag.

Inventory:

Hand Weapons
 a - a +0 short sword (weapon)
 l - a +0 broad axe
Armour
 d - a +0 robe (worn)
Scrolls
 e - 2 scrolls of remove curse {unknown}
 f - a scroll of identify {unknown}
 g - a scroll of fog {unknown}
 h - a scroll of blinking {unknown}
 k - a scroll of teleportation {unknown}
 o - a scroll of recharging {unknown}
Potions
 i - a potion of invisibility {unknown}
 j - a potion of berserk rage {unknown}
 m - a potion of heal wounds {unknown}
Books
 b - a book of Necromancy

   Spells                             Type                      Level
   a - Pain                           Necromancy                   1
   b - Animate Skeleton               Necromancy                   1
   c - Vampiric Draining              Necromancy                   3
   d - Regeneration                   Charms/Necromancy            3
   e - Animate Dead                   Necromancy                   4
   f - Control Undead                 Necromancy                   4
Comestibles
 c - 3 bread rations
 n - 2 fruits


   Skills:
 - Level 2.1 Dodging
 - Level 2.4 Stealth
 * Level 2.4 Spellcasting
 - Level 5.0 Necromancy


You had 5 spell levels left.
You knew the following spells:

 Your Spells              Type           Power        Failure   Level  Hunger
a - Pain                  Necr           ###.         2%          1    #......


Dungeon Overview and Level Annotations

Branches:
Dungeon (4/15)             Temple (1/1) D:4

Altars:
Cheibriados
Dithmenos
Elyvilon
Fedhas
Gozag
Makhleb
Nemelex Xobeh
Okawaru
Qazlal
Ru
Sif Muna
Trog
Uskayaw
Vehumet
Zin
The Shining One

Annotations:
D:3 Ijyb; Irenicus's ghost, weakling DDSu
D:4 exclusion: ogre


Innate Abilities, Weirdness & Mutations

You are resistant to damage.
You can heal yourself by infusing magical energy.
You passively map a small area around you.
You do not regenerate.


Message History

Press: ? - help, Shift-Dir - straight line, f/p - hobgoblin
Aim: a hobgoblin, wielding a club and wearing a chain mail (moderately wounded, chance to defeat MR: 87%)
The hobgoblin writhes in agony!
You kill the hobgoblin!
You have reached level 3!
Your experience leads to an increase in your attributes!
Increase (S)trength, (I)ntelligence, or (D)exterity?
You feel clever.
The goblin wields a hunting sling.
The goblin shoots a stone.
The stone barely misses you.
Ijyb the Twisted Goblin comes into view.
She is wielding a club.
Ijyb shouts!
The goblin shoots a stone.
The stone hits you!
The goblin shoots a stone.
The stone closely misses you.
Ijyb zaps a wand.
You are blasted!
Ouch! That really hurt!
* * * LOW HITPOINT WARNING * * *
It is a wand of disintegration (?/24).
Ijyb zaps a wand.
You are blasted!
You die...

, ....g........#
,....g$.(g....# ,
...#####g.(..# , , ##.####
* * #.# , #.# * , ,, , ###
#.# ,, ,, , ..###.# *
#.#..@######## #..# *
#.#.##.......# #..#
###.#.(((......# #..#
#...........)..#########
#..#
#.######...............<
#..#
####..............#########
#..# #...######........#
...####.#.# #........#
........#.# #....)...#


You could see Ijyb and a goblin.

Vanquished Creatures
  An adder (D:4)
  A giant cockroach (Temple)
  3 goblins
  2 hobgoblins
  A quokka (D:2)
  A ball python (D:2)
  2 bats
  A frilled lizard (D:2)
  5 kobolds
  3 rats
20 creatures vanquished.

Notes
Turn   | Place    | Note
-------+----------+-------------------------------------------
     0 | D:1      | letownia2 the Deep Dwarf Necromancer began the quest for the Orb.
     0 | D:1      | Reached XP level 1. HP: 15/15 MP: 3/3
   320 | D:3      | Reached XP level 2. HP: 22/22 MP: 1/5
   424 | D:4      | Reached skill level 5 in Necromancy
   490 | D:4      | Noticed an ogre
   503 | D:4      | Found a staircase to the Ecumenical Temple.
   513 | Temple   | Entered the Ecumenical Temple
   551 | Temple   | Became a worshipper of Gozag Ym Sagoz the Greedy
   668 | D:3      | Noticed Irenicus's ghost (weakling DDSu)
   793 | D:3      | Reached XP level 3. HP: 22/28 MP: 0/6
   794 | D:3      | Noticed Ijyb
   802 | D:3      | Blown up by Ijyb

Skill      XL: |  1  2 |
---------------+-------+-----
Spellcasting   | 2 |  2.4
Necromancy     | 5 |  5.0
Dodging        | |  2.1
Stealth        | |  2.4

Action                   || total
-------------------------++-------
Melee: Short sword       ||     2
 Cast: Pain              ||    34
Armor: Robe              ||     7
Dodge: Dodged            ||    10
